 Dungeon Crawl Stone Soup version 0.23.2-1-ga50397a6bc (webtiles) character file.

Game seed: 13599854672240463231

194464 Gunterle the Warrior (level 19, -5/161 HPs)
             Began as a Formicid Gladiator on Apr 13, 2019.
             Was a High Priest of Wu Jian.
             Killed from afar by a shock serpent (16 damage)
             ... with a bolt of electricity
             ... on level 2 of the Snake Pit on Apr 15, 2019.
             The game lasted 04:29:27 (41510 turns).

Gunterle the Warrior (Formicid Gladiator)          Turns: 41510, Time: 04:29:28

Health: -5/161     AC: 19    Str: 20    XL:     19   Next: 46%
Magic:  29/29      EV: 34    Int: 11    God:    Wu Jian [*****.]
Gold:   1304       SH:  9    Dex: 19    Spells: 27/32 levels left

rFire    + + .     SeeInvis +   k - +5 lajatang (protect)
rCold    . . .     Gourm    .   W - +3 buckler {rN+}
rNeg     + + .     Faith    .   n - +4 ring mail of Honour {rF+ MR+ Stlth+}
rPois    +         Spirit   .   (helmet unavailable)
rElec    .         Reflect  .   D - +2 ratskin cloak {+Rats rPois rN+ Str-1 Int-1 Dex+1}
rCorr    .         Harm     .   L - +2 pair of gloves
MR       ++...                  O - +0 pair of boots of the Apprentice {Int-2 Dex+6 Stlth+}
Stlth    +++.......             R - amulet of the acrobat
HPRegen  0.36/turn              b - ring of protection from fire
MPRegen  0.21/turn              z - ring of wizardry

@: lethally poisoned (-5 -> -5), acrobat
A: permanent stasis, dig shafts and tunnels, four strong arms, antennae 3
a: Dig, Shaft Self, Wall Jump, Serpent's Lash, Heavenly Storm, Renounce
Religion, Evoke Ratskin


You were on level 2 of the Snake Pit.
You worshipped Wu Jian.
Wu Jian was extremely pleased with you.
You were very hungry.

You visited 6 branches of the dungeon, and saw 29 of its levels.
You visited the Abyss 1 time.
You also visited: Bailey and Ice Cave.

You collected 3272 gold pieces.
You spent 1968 gold pieces at shops.

Inventory:

Hand Weapons
 k - a +5 lajatang of protection (weapon)
 l - the +8 lance "Wyrmbane" {slay drac, rPois rF+ rC+ AC+3}
   (You took it off a deep elf annihilator on level 3 of the Elven Halls)

   It affects your AC (+3).
   It protects you from fire.
   It protects you from cold.
   It protects you from poison.
 s - the +4 morningstar of Yesterday {flame, rElec rC++ Dex-5 Stlth+}
   (You found it on level 6 of the Lair of Beasts)

   It has been specially enchanted to burn those struck by it, causing extra
   injury to most foes and up to half again as much damage against particularly
   susceptible opponents.
   It affects your dexterity (-5).
   It greatly protects you from cold.
   It insulates you from electricity.
   It makes you more stealthy.
 w - a +0 quarterstaff of protection
 K - a +2 hand crossbow of velocity
Missiles
 c - 228 bolts
 P - 6 curare-tipped needles
Armour
 e - a +2 cloak of cold resistance
 n - the +4 ring mail of Honour (worn) {rF+ MR+ Stlth+}
   (You bought it in a shop on level 7 of the Dungeon)

   It protects you from fire.
   It affects your resistance to hostile enchantments.
   It makes you more stealthy.
 D - the +2 ratskin cloak (worn) {+Rats rPois rN+ Str-1 Int-1 Dex+1}
   (You found it on level 3 of the Elven Halls)

   It affects your strength (-1).
   It affects your intelligence (-1).
   It affects your dexterity (+1).
   It protects you from poison.
   It protects you from negative energy.
 G - a +3 buckler of fire resistance
 L - a +2 pair of gloves (worn)
 O - the +0 pair of boots of the Apprentice (worn) {Int-2 Dex+6 Stlth+}
   (You bought it in a shop on level 7 of the Dungeon)

   It affects your intelligence (-2).
   It affects your dexterity (+6).
   It makes you more stealthy.
 W - a +3 buckler of positive energy (worn)
Jewellery
 b - a ring of protection from fire (left hand)
 t - an uncursed ring of ice
 y - an uncursed ring of flight
 z - a ring of wizardry (right hand)
 R - an amulet of the acrobat (around neck)
 S - an uncursed ring of fire
 V - the ring "Seluritu" {MR+ Str+6 Int-3 Dex+2}
   (You took it off a deep elf annihilator on level 3 of the Elven Halls)

   [ring of protection from magic]

   It affects your strength (+6).
   It affects your intelligence (-3).
   It affects your dexterity (+2).
   It affects your resistance to hostile enchantments.
Wands
 u - a wand of iceblast (11)
 A - a wand of clouds (4)
 C - a wand of acid (6)
 H - a wand of paralysis (31)
Scrolls
 a - 3 scrolls of holy word
 h - 2 scrolls of immolation
 i - 6 scrolls of fog
 o - 2 scrolls of magic mapping
 p - 3 scrolls of identify
 q - 6 scrolls of fear
 x - 13 scrolls of remove curse
 I - 2 scrolls of silence
Potions
 f - 5 potions of flight
 g - a potion of ambrosia
 r - 3 potions of curing
 v - 2 potions of might
 E - 4 potions of invisibility
 F - 3 potions of cancellation
 U - a potion of resistance
 X - 5 potions of brilliance
 Y - 3 potions of magic
Miscellaneous
 j - a lightning rod (4/4)
 m - a fan of gales
 B - a sack of spiders
 J - a phial of floods
 T - a lamp of fire
Comestibles
 d - 56 rations


   Skills:
 * Level 17.2 Fighting
 + Level 2.3(11.7) Polearms
 - Level 17.0 Staves
 + Level 8.1 Crossbows
 - Level 2.0 Throwing
 - Level 10.5 Armour
 + Level 10.7 Dodging
 - Level 6.7 Shields
 + Level 7.0 Spellcasting
 + Level 6.3 Hexes
 - Level 1.2 Summonings
 + Level 6.4 Translocations
 + Level 12.1 Evocations


You had 27 spell levels left.
You knew the following spells:

 Your Spells              Type           Power        Failure   Level  Hunger
a - Apportation           Tloc           ###...       1%          1    None
b - Summon Butterflies    Summ           #.......     6%          1    None
c - Portal Projectile     Hex/Tloc       ###...       2%          3    ###....

Your spell library contained the following spells:

 Spells                   Type           Power        Failure   Level  Hunger
 Confusing Touch          Hex            ###...       1%          1    None
 Corona                   Hex            ###....      1%          1    None
 Slow                     Hex            ###.....     1%          2    ##.....
 Confuse                  Hex            ###.....     2%          3    ###....
 Gell's Gravitas          Tloc           ###.......   2%          3    ###....
 Ensorcelled Hibernation  Hex/Ice        ##....       4%          2    ##.....
 Summon Small Mammal      Summ           #...         6%          1    None
 Recall                   Summ/Tloc      N/A          6%          3    ###....
 Passage of Golubria      Tloc           N/A          8%          4    ####...
 Dazzling Spray           Conj/Hex       ##....       9%          3    ###....
 Inner Flame              Hex/Fire       ##......     9%          3    ###....
 Cause Fear               Hex            ###.......   9%          4    ####...
 Call Imp                 Summ           #.......     10%         2    ##.....
 Animate Skeleton         Necr           N/A          11%         1    None
 Flame Tongue             Conj/Fire      #....        11%         1    None
 Freeze                   Ice            #...         11%         1    None
 Magic Dart               Conj           #...         11%         1    None
 Shock                    Conj/Air       #...         11%         1    None
 Corpse Rot               Necr           N/A          16%         2    ##.....
 Passwall                 Tmut/Erth      #.......     16%         2    ##.....
 Searing Ray              Conj           #.....       16%         2    ##.....
 Sublimation of Blood     Necr           #.........   16%         2    ##.....
 Swiftness                Chrm/Air       #.......     16%         2    ##.....
 Throw Flame              Conj/Fire      #.....       16%         2    ##.....
 Throw Frost              Conj/Ice       #.....       16%         2    ##.....
 Force Lance              Conj/Tloc      ##......     26%         4    ####...
 Fulminant Prism          Conj/Hex       ##........   26%         4    ####...
 Leda's Liquefaction      Hex/Erth       ##........   26%         4    ####...
 Conjure Flame            Conj/Fire      #.......     30%         3    ###....
 Ignite Poison            Fire/Tmut/Pois #.......     30%         3    ###....
 Mephitic Cloud           Conj/Pois/Air  #.......     30%         3    ###....
 Static Discharge         Conj/Air       #.......     30%         3    ###....
 Summon Forest            Summ/Tloc      ##........   50%         5    ######.
 Summon Mana Viper        Hex/Summ       ##......     50%         5    ######.
 Summon Ice Beast         Ice/Summ       #.......     58%         4    ####...
 Summon Lightning Spire   Summ/Air       #.......     58%         4    ####...
 Metabolic Englaciation   Hex/Ice        ##........   58%         5    ######.
 Yara's Violent Unravell  Hex/Tmut       ##........   58%         5    ######.
 Airstrike                Air            #.........   67%         4    ####...
 Ice Form                 Ice/Tmut       #.......     67%         4    ####...
 Iskenderun's Mystic Bla  Conj           #.......     67%         4    ####...
 Petrify                  Tmut/Erth      #.......     67%         4    ####...
 Throw Icicle             Conj/Ice       #.......     67%         4    ####...
 Darkness                 Hex            ###.......   73%         6    #######
 Invisibility             Hex            ###.....     73%         6    #######
 Aura of Abjuration       Summ           #.........   83%         5    ######.
 Summon Demon             Summ           #.........   83%         5    ######.
 Agony                    Necr           #.......     94%         5    ######.
 Alistair's Intoxication  Tmut/Pois      #.......     94%         5    ######.
 Bolt of Draining         Conj/Necr      #.........   94%         5    ######.
 Dispel Undead            Necr           #.......     94%         5    ######.
 Excruciating Wounds      Chrm/Necr      #.........   94%         5    ######.
 Lee's Rapid Deconstruct  Erth           #.........   94%         5    ######.
 Lightning Bolt           Conj/Air       #.........   94%         5    ######.
 Bolt of Cold             Conj/Ice       #.........   100%        6    #######
 Bolt of Fire             Conj/Fire      #.........   100%        6    #######
 Freezing Cloud           Conj/Ice/Air   #.........   100%        6    #######
 Ozocubu's Refrigeration  Ice            #.........   100%        6    #######
 Shadow Creatures         Summ           N/A          100%        6    #######
 Simulacrum               Ice/Necr       #.........   100%        6    #######
 Dragon Form              Tmut           #.........   100%        7    #######
 Ignition                 Fire           #.........   100%        8    #######
 Dragon's Call            Summ           #.........   100%        9    #######
 Shatter                  Erth           #.........   100%        9    #######
 Tornado                  Air            #.........   100%        9    #######
 Blink                    Tloc           Unusable     N/A         2    N/A

Dungeon Overview and Level Annotations

Branches:
Dungeon (15/15)            Temple (1/1) D:6            Lair (6/6) D:9
  Swamp (0/4) Lair:2        Snake (2/4) Lair:4        Slime (0/5) Lair:6
    Orc (2/2) D:9             Elf (3/3) Orc:2        Vaults (0/5) D:13
 Depths (0/5) D:15

Altars:
Ashenzari
Cheibriados
Dithmenos
Elyvilon
Fedhas
Gozag
Hepliaklqana
Kikubaaqudgha
Makhleb
Nemelex Xobeh
Okawaru
Qazlal
Ru
Sif Muna
Trog
Uskayaw
Vehumet
Wu Jian
Xom
Yredelemnul
Zin
The Shining One
Beogh
Jiyva

Shops:
D:7 [*:}   D:10 **([   Orc:2 :(*[

Annotations:
Snake:2 1 transporter


Innate Abilities, Weirdness & Mutations

You cannot be hasted, slowed, berserked, paralysed or teleported.
You can dig through walls and to a lower floor.
Your four strong arms can wield two-handed weapons with a shield.
You have a pair of large antennae on your head. (SInv)


Message History

You feel sick.
You see here a +0 spear.
You feel sick.
The anaconda hisses angrily.
You feel sick.
Things that are here:
a +0 hand axe; a naga corpse
As you read the scroll of fear, it crumbles to dust.
You assume a fearsome visage.
The anaconda looks frightened!
The naga warrior looks frightened!
You feel sick.
You are feeling very hungry.
You feel sick.
You feel sick.
You feel sick.
The shock serpent shoots out a bolt of lightning at you!
The bolt of electricity misses you.
You hear an angry hiss. x2
The shock serpent shoots out a bolt of lightning at you!
The bolt of electricity hits you!
You die...

...%.%........##..#{$..NN
.........)....##..#{{{8NN
..[S....##..).###.#######
≈........#.%...##........
§≈≈§§..........##........
≈§§§§..........##..>..(..
S§≈§..........##........
§§≈≈..........##........
S§≈....@########...##...
§§.$....#######...###...
.............†....##....
............†.†.†.##....
..................'.....
..................##....
..................##....
########################


You could see a shock serpent and 2 lava snakes.

Vanquished Creatures
  Rupert (D:15)
  A deep elf blademaster (Elf:2)
  2 deep elf master archers (Elf:3)
  2 tentacled starspawn (Abyss:2)
  5 deep elf sorcerers
  An orc warlord (Orc:2)
  2 deep elf annihilators
  A dire elephant (Lair:6)
  Nessos (Lair:5)
  7 deep elf death magi (Elf:3)
  A fire dragon (Lair:1)
  A yaktaur captain (D:15)
  3 deep elf high priests
  A great orb of eyes (Abyss:2)
  6 naga warriors
  4 hydras
  A satyr (Orc:2)
  2 anacondas
  3 ogre magi
  A deep troll shaman (Lair:6)
  7 centaur warriors
  5 death yaks (Lair:6)
  24 dancing weapons
  A catoblepas (Lair:6)
  3 naga sharpshooters (Snake:1)
  12 two-headed ogres
  2 tengu warriors (D:15)
  A thrashing horror (Abyss:2)
  2 shock serpents (Snake:1)
  4 orc high priests
  20 deep elf knights
  Nergalle (Lair:1)
  A salamander mystic (Snake:1)
  2 unseen horrors
  A sea snake (Snake:1)
  15 deep elf archers
  2 naga ritualists
  A lindwurm (Lair:6)
  A necromancer (IceCv)
  5 mana vipers
  5 orc knights
  6 orc sorcerers
  9 ugly things
  2 oklob plants (Lair:4)
  4 cyclopes
  4 salamanders
  59 deep elf magi
  9 elephants
  An ice statue (IceCv)
  15 black mambas
  2 guardian serpents
  2 smoke demons (Abyss:2)
  A torpor snail (Lair:6)
  A spiny frog (shapeshifter) (D:15)
  2 orange demons (Abyss:2)
  7 spiny frogs
  5 naga magi
  A gargoyle (D:12)
  A tormentor (Abyss:2)
  12 freezing wraiths
  2 rime drakes
  4 komodo dragons
  2 yaktaurs (D:15)
  An efreet (D:15)
  3 ancient zymes
  A komodo dragon (shapeshifter) (Elf:1)
  A tengu conjurer (D:13)
  A queen bee (D:13)
  3 trolls
  3 meliai (D:13)
  2 hornets (D:11)
  8 blink frogs
  A polar bear (Lair:6)
  A bog body (Lair:2)
  A wolf spider simulacrum (IceCv)
  4 slime creatures (D:14)
  3 raiju (Abyss:2)
  10 hippogriffs
  Sigmund (D:6)
  A tarantella (shapeshifter) (Elf:2)
  A shadow (Abyss:2)
  3 water elementals
  3 wraiths
  3 hogs (D:7)
  5 fire bats (Abyss:2)
  4 air elementals
  39 yaks
  4 wyverns
  A fire elemental (Elf:2)
  A human (D:7)
  A ynoxinul (Abyss:2)
  4 hungry ghosts
  A golden eye (Abyss:2)
  6 large abominations (Abyss:2)
  A basilisk (Lair:1)
  A chaos spawn (Abyss:2)
  2 soldier ants
  14 nagas
  5 water moccasins
  9 porcupines
  Duvessa (D:7)
  7 ice beasts
  42 orc warriors
  4 sky beasts
  8 starcursed masses (Abyss:2)
  An alligator simulacrum (IceCv)
  4 black bears
  16 wolves
  3 phantoms
  6 centaurs
  21 ogres
  6 crocodiles
  5 small abominations (Abyss:2)
  3 big kobolds
  18 bullfrogs
  2 gnoll sergeants
  2 earth elementals
  A wyvern zombie (D:9)
  6 scorpions
  A water moccasin zombie (D:5)
  Dowan (D:7)
  An elephant simulacrum (IceCv)
  27 killer bees
  8 wights
  10 howler monkeys
  3 electric eels (Snake:1)
  4 crimson imps
  A bullfrog zombie (D:6)
  3 centaur zombies
  2 quasits
  2 draconian simulacra (IceCv)
  4 jellies
  8 hounds
  2 bullfrog skeletons (D:12)
  24 orc priests
  4 centaur skeletons
  4 iguanas
  46 orc wizards
  12 worker ants
  A polar bear simulacrum (IceCv)
  A spriggan simulacrum (IceCv)
  6 troll simulacra (IceCv)
  2 hound zombies
  16 gnolls
  12 adders
  8 naga simulacra (IceCv)
  3 ogre simulacra (IceCv)
  6 shadow imps
  12 white imps (IceCv)
  2 ufetubi (Abyss:2)
  An adder skeleton (D:6)
  2 adder zombies
  2 worms
  2 dart slugs (D:1)
  7 leopard geckos
  116 orcs
  3 giant cockroaches
  2 gnoll zombies (D:2)
  19 hobgoblins
  11 jackals
  10 quokkas
  2 ball pythons (Snake:2)
  4 bats (D:1)
  11 frilled lizards
  A giant cockroach zombie (D:5)
  7 goblins
  32 kobolds
  3 leopard gecko skeletons
  8 rats
  A crawling corpse (Elf:3)
  6 starspawn tentacles (Abyss:2)
1107 creatures vanquished.

Vanquished Creatures (collateral kills)
  Gastronok (Orc:1)
  4 deep elf sorcerers (Elf:3)
  A deep elf annihilator (Elf:3)
  A deep elf death mage (Elf:3)
  An orc warrior (Orc:1)
  2 orcs (Orc:1)
  A crawling corpse (Elf:3)
11 creatures vanquished.

Vanquished Creatures (others)
  A deep elf mage (Elf:3)
  A water moccasin (Lair:4)
  4 fungi
  9 plants
  5 starspawn tentacles (Abyss:2)
20 creatures vanquished.

Grand Total: 1138 creatures vanquished

Notes
Turn   | Place    | Note
-------+----------+-------------------------------------------
     0 | D:1      | Gunterle the Formicid Gladiator began the quest for the
                  | Orb.
     0 | D:1      | Reached XP level 1. HP: 16/16 MP: 1/1
   192 | D:1      | Reached XP level 2. HP: 22/23 MP: 2/2
   393 | D:1      | Reached XP level 3. HP: 22/28 MP: 3/3
   958 | D:2      | Found a deep blue altar of Sif Muna.
  1009 | D:2      | Reached XP level 4. HP: 35/35 MP: 4/4
  1338 | D:2      | Found a basalt altar of Yredelemnul.
  1718 | D:3      | Found an ancient bone altar of Kikubaaqudgha.
  1783 | D:2      | Reached XP level 5. HP: 30/41 MP: 5/5
  2330 | D:3      | Found a snail-covered altar of Cheibriados.
  2505 | D:3      | Found a shattered altar of Ashenzari.
  2520 | D:3      | Reached skill level 5 in Staves
  3038 | D:3      | Reached XP level 6. HP: 19/48 MP: 6/6
  3784 | D:4      | Found a sacrificial altar of Ru.
  3985 | D:4      | Found a shadowy altar of Dithmenos.
  3991 | D:4      | Reached XP level 7. HP: 53/55 MP: 7/7
  4052 | D:4      | Found a burning altar of Makhleb.
  4116 | D:4      | Found a white marble altar of Elyvilon.
  4394 | D:4      | Found a shimmering altar of Xom.
  4521 | D:4      | Reached skill level 5 in Fighting
  5222 | D:5      | Entered Level 5 of the Dungeon
  6050 | D:5      | Reached XP level 8. HP: 61/63 MP: 8/8
  7066 | D:6      | Noticed Sigmund
  8146 | D:6      | Reached XP level 9. HP: 70/71 MP: 9/9
  8326 | D:6      | Killed Sigmund
  8726 | D:6      | Reached skill level 10 in Staves
  9019 | D:6      | Found a staircase to the Ecumenical Temple.
  9028 | Temple   | Entered the Ecumenical Temple
  9228 | Temple   | Became a worshipper of the Wu Jian Council
  9306 | D:7      | Found an opulent altar of Gozag.
  9423 | D:7      | Found Kesoe's Assorted Antiques.
  9428 | D:7      | Bought a scroll labeled XONEOX AVVUPP for 27 gold pieces
  9428 | D:7      | Bought a fuming brown potion for 24 gold pieces
  9428 | D:7      | Bought a scroll labeled WAEFITI QOISU for 27 gold pieces
  9428 | D:7      | Bought a pair of spiked boots for 256 gold pieces
  9518 | D:7      | Noticed a hippogriff
  9544 | D:7      | Killed a hippogriff
  9869 | D:7      | Found Nymemn's Gadget Shop.
  9880 | D:7      | Identified the cursed +0 pair of boots of the Apprentice
                  | {Int-2 Dex+6 Stlth+} (You bought it in a shop on level 7 of
                  | the Dungeon)
 10087 | D:7      | Found Vauvagish's Book Emporium.
 10221 | D:7      | Reached skill level 1 in Armour
 10221 | D:7      | Reached skill level 1 in Evocations
 10221 | D:7      | Reached XP level 10. HP: 39/81 MP: 10/10
 10679 | D:7      | Found a blossoming altar of Fedhas.
 10797 | D:7      | Reached * piety under Wu Jian
 10834 | D:7      | Reached skill level 1 in Shields
 11116 | D:7      | Noticed Duvessa
 11118 | D:7      | Noticed Dowan
 11125 | D:7      | Killed Duvessa
 11126 | D:7      | Found Plog's Antique Armour Shoppe.
 11128 | D:7      | Killed Dowan
 11845 | D:7      | Bought a glowing buckler for 127 gold pieces
 12023 | D:7      | Reached ** piety under Wu Jian
 13035 | D:9      | Found a flagged portal.
 13048 | Bailey   | Entered a bailey
 13297 | Bailey   | Noticed an orc knight
 13327 | Bailey   | Killed an orc knight
 13327 | Bailey   | Reached XP level 11. HP: 70/89 MP: 13/13
 13354 | Bailey   | Reached *** piety under Wu Jian
 13394 | Bailey   | Got a slimy battleaxe
 13860 | D:9      | Found a staircase to the Lair.
 14226 | D:9      | Found a shattered altar of Ashenzari.
 14403 | D:9      | Reached skill level 5 in Dodging
 14641 | D:9      | Found a staircase to the Orcish Mines.
 14960 | D:7      | Bought a metallic sapphire potion for 24 gold pieces
 15097 | D:7      | Bought a steaming ring mail for 153 gold pieces
 15107 | D:7      | Identified the +4 ring mail of Honour {rF+ MR+ Stlth+} (You
                  | bought it in a shop on level 7 of the Dungeon)
 15267 | D:7      | Reached skill level 5 in Armour
 15272 | D:7      | Reached skill level 5 in Evocations
 15467 | D:10     | Entered Level 10 of the Dungeon
 15626 | D:10     | Found Cijoril's Weapon Shop.
 15629 | D:10     | Bought a +0 quarterstaff of protection for 95 gold pieces
 15661 | D:10     | Reached skill level 10 in Fighting
 15732 | D:10     | Found Hecyn's Antique Armour Boutique.
 15949 | D:10     | Found Henlau's Assorted Antiques.
 15957 | D:10     | Bought 2 scrolls of identify for 124 gold pieces
 15997 | D:10     | Found Nenupp's Assorted Antiques.
 16004 | D:10     | Reached **** piety under Wu Jian
 16275 | D:11     | Reached XP level 12. HP: 80/97 MP: 16/16
 17245 | D:11     | Noticed a two-headed ogre
 17262 | D:11     | Killed a two-headed ogre
 17605 | Orc:1    | Entered Level 1 of the Orcish Mines
 17605 | Orc:1    | Noticed Gastronok
 17624 | Orc:1    | Killed Gastronok
 17904 | Orc:1    | You fall through a shaft!
 17904 | Orc:2    | Entered Level 2 of the Orcish Mines
 17949 | Orc:2    | Found a roughly hewn altar of Beogh.
 17969 | Orc:2    | Found a staircase to the Elven Halls.
 18178 | Orc:1    | Noticed an orc high priest
 18350 | Orc:1    | Noticed a sixfirhy
 18354 | Orc:1    | Killed an orc high priest
 18674 | Orc:2    | Learned a level 1 spell: Apportation
 18696 | Orc:2    | Identified the Guide on Burning Companions
 18700 | Orc:2    | Learned a level 1 spell: Summon Butterflies
 18790 | Orc:2    | Noticed a sun demon
 19405 | Orc:2    | Reached XP level 13. HP: 96/106 MP: 18/18
 19410 | Orc:2    | Reached ***** piety under Wu Jian
 20021 | Orc:2    | Noticed an orc warlord
 20072 | Orc:2    | Killed an orc warlord
 21084 | Orc:2    | Found Gaicoh's Antique Armour Shop.
 21085 | Orc:2    | Found Vaoq's Antique Weapon Shop.
 21086 | Orc:2    | Found Ciosan's General Store.
 21086 | Orc:2    | Found Viteif's Book Boutique.
 21103 | Orc:2    | Bought a pair of glowing boots for 262 gold pieces
 21657 | Lair:1   | Entered Level 1 of the Lair of Beasts
 21692 | Lair:1   | Noticed Nergalle
 21911 | Lair:1   | Killed Nergalle
 22123 | Lair:1   | Noticed a four-headed hydra
 22154 | Lair:1   | Killed a four-headed hydra
 22656 | Lair:1   | Noticed a fire dragon
 22700 | Lair:1   | Killed a fire dragon
 22700 | Lair:1   | Reached XP level 14. HP: 89/116 MP: 20/20
 23096 | D:10     | Bought a +2 lajatang of protection for 420 gold pieces
 23140 | D:10     | Bought a scroll labeled GOEKLU JIERYT for 30 gold pieces
 23140 | D:10     | Bought a scroll of magic mapping for 105 gold pieces
 23698 | Lair:2   | Found a staircase to the Swamp.
 24789 | Lair:4   | Found a frozen archway.
 24837 | IceCv    | Entered an ice cave
 25009 | IceCv    | Reached skill level 1 in Crossbows
 25386 | IceCv    | Found an ancient bone altar of Kikubaaqudgha.
 25595 | IceCv    | Identified the Papyrus of the Snowflakes
 25639 | IceCv    | Reached skill level 15 in Staves
 25807 | Lair:4   | Found a staircase to the Snake Pit.
 26764 | Lair:5   | Noticed Nessos
 26778 | Lair:5   | Killed Nessos
 26964 | Lair:6   | Entered Level 6 of the Lair of Beasts
 27371 | Lair:6   | Reached XP level 15. HP: 125/125 MP: 21/21
 27398 | Lair:6   | Found a viscous altar of Jiyva.
 27398 | Lair:6   | Found a staircase to the Slime Pits.
 27731 | Lair:6   | Got a slimy morningstar
 28004 | D:10     | Bought a scroll of identify for 62 gold pieces
 28004 | D:10     | Identified the +4 morningstar of Yesterday {flame, rElec
                  | rC++ Dex-5 Stlth+} (You found it on level 6 of the Lair of
                  | Beasts)
 28006 | D:10     | Bought a scroll of enchant weapon for 232 gold pieces
 28996 | D:13     | Found a gate to the Vaults.
 29235 | D:13     | Reached skill level 1 in Spellcasting
 29377 | D:13     | Reached skill level 1 in Translocations
 29396 | D:13     | Reached ****** piety under Wu Jian
 30001 | D:14     | Reached skill level 10 in Armour
 30015 | D:14     | Reached skill level 10 in Evocations
 30015 | D:14     | Reached XP level 16. HP: 99/134 MP: 23/23
 30463 | D:15     | Entered Level 15 of the Dungeon
 30465 | D:15     | Reached skill level 15 in Fighting
 30684 | D:15     | Found a staircase to the Depths.
 30688 | D:15     | Reached skill level 5 in Crossbows
 30862 | D:15     | Noticed Rupert
 30868 | D:15     | Killed Rupert
 31377 | D:15     | Identified the Collected Works on Flight
 31659 | Elf:1    | Entered Level 1 of the Elven Halls
 31775 | Elf:1    | Noticed a deep elf sorcerer
 31779 | Elf:1    | Killed a deep elf sorcerer
 32087 | Elf:1    | Reached XP level 17. HP: 66/142 MP: 24/24
 33080 | Elf:2    | Reached skill level 1 in Summonings
 33138 | Elf:2    | Found a runed translucent gate.
 33141 | Elf:2    | Found a runed translucent gate.
 33142 | Elf:2    | Found a runed translucent gate.
 33185 | Elf:2    | Learned a level 3 spell: Portal Projectile
 33517 | Elf:2    | Reached skill level 1 in Hexes
 33908 | Elf:2    | Found the +0 mask of the Dragon {MR+ Slay+3 SInv}
 34345 | Elf:2    | Noticed a deep elf blademaster
 34374 | Elf:2    | Killed a deep elf blademaster
 34705 | Elf:2    | Reached skill level 5 in Spellcasting
 35212 | Elf:2    | Reached skill level 10 in Dodging
 35491 | Elf:3    | Entered Level 3 of the Elven Halls
 35551 | Elf:3    | Reached skill level 5 in Shields
 35918 | Elf:3    | Reached XP level 18. HP: 110/151 MP: 26/26
 36299 | Elf:3    | Reached skill level 5 in Translocations
 36513 | Elf:3    | Noticed a deep elf master archer
 36803 | Elf:3    | Killed a deep elf master archer
 37409 | Elf:3    | Cast into level 2 of the Abyss (a deep elf sorcerer)
 37439 | Abyss:2  | Found a corrupted altar of Lugonu.
 37760 | Abyss:2  | Found a viscous altar of Jiyva.
 37994 | Abyss:2  | Reached skill level 5 in Hexes
 38034 | Elf:3    | Escaped the Abyss
 38492 | Elf:3    | Identified the +8 plate armour of Noughts and Crosses
                  | {Int+2}
 38492 | Elf:3    | Identified the ring of Vatoevag {rF+ Int+3 SInv}
 38492 | Elf:3    | Noticed a deep elf master archer
 38537 | Elf:3    | Identified the +2 leather armour of Uvvoyraich {rElec rC+
                  | rN+}
 38542 | Elf:3    | Killed a deep elf master archer
 38875 | Elf:3    | Identified the cursed +2 spear "Goblinbane" {elec, SInv}
 38882 | Elf:3    | Reached XP level 19. HP: 159/159 MP: 28/28
 38911 | Elf:3    | Found the +2 ratskin cloak {+Rats rPois rN+ Str-1 Int-1
                  | Dex+1}
 39008 | Elf:3    | Identified the ring "Seluritu" {MR+ Str+6 Int-3 Dex+2}
 39045 | Elf:3    | Identified the Catalogue of Poison and Clay
 39646 | Snake:1  | Entered Level 1 of the Snake Pit
 39646 | Snake:1  | Found a shimmering altar of Xom.
 39782 | Snake:1  | Reached skill level 1 in Polearms
 40829 | Snake:2  | Found a transporter.
 40833 | Snake:2  | Found a radiant altar of Vehumet.
 41510 | Snake:2  | Killed from afar by a shock serpent

Skill      XL: |  1  2  3  4  5  6  7  8  9 10 11 12 13 14 15 16 17 18 19 |
---------------+----------------------------------------------------------+-----
Staves         | 4 5 6 7 9 10 11 12 13 14 15 16 17 | 17.0
Fighting       | 3 4 5 6 8 9 10 11 12 13 14 15 16 17 | 17.2
Armour         | 1 3 5 6 8 9 10 | 10.5
Evocations     | 1 3 5 6 8 9 10 11 12 | 12.1
Dodging        | 4 5 6 7 8 9 10 | 10.7
Shields        | 2 3 5 6 |  6.7
Crossbows      | 2 4 5 6 7 8 |  8.1
Spellcasting   | 2 4 5 6 7 |  7.0
Translocations | 1 3 4 5 6 |  6.4
Summonings     | 1 |  1.2
Hexes          | 3 5 6 |  6.3
Polearms       | 2 |  2.3
Throwing       | |  2.0

Action                   |  1- 3 |  4- 6 |  7- 9 | 10-12 | 13-15 | 16-18 | 19-21 || total
-------------------------+-------+-------+-------+-------+-------+-------+-------++-------
Melee: Quarterstaff      |   115 |   162 |   360 |  1266 |   708 |       |       ||  2611
       Spear             |       |       |       |    25 |       |       |       ||    25
       Lajatang          |       |       |       |       |   854 |  1027 |   326 ||  2207
 Fire: Blowgun           |       |       |     2 |       |       |       |       ||     2
       Hunting sling     |       |       |       |     8 |       |       |       ||     8
       Hand crossbow     |       |       |       |       |    25 |    67 |    14 ||   106
Throw: Stone             |       |    10 |    28 |       |       |       |       ||    38
       Throwing net      |       |     6 |       |       |       |       |       ||     6
       Tomahawk          |       |       |    21 |    44 |    16 |       |       ||    81
Invok: Lunge             |       |       |     6 |    46 |    48 |    43 |    11 ||   154
       Whirlwind         |       |       |       |   303 |   274 |   239 |    54 ||   870
       Serpent's Lash    |       |       |       |     9 |    27 |    24 |     5 ||    65
       Heavenly Storm    |       |       |       |       |       |     1 |       ||     1
 Abil: Wall Jump         |       |       |       |    93 |   139 |    82 |    18 ||   332
       Dig               |       |       |       |     1 |     6 |     4 |       ||    11
       Evoke Flight      |       |       |       |       |     1 |       |       ||     1
Evoke: Wand              |       |       |    14 |    14 |    19 |    60 |     2 ||   109
       Phial of floods   |       |       |       |     1 |       |     2 |       ||     3
  Use: Scroll            |     1 |     4 |     2 |    17 |    11 |     5 |     4 ||    44
       Potion            |       |     4 |     3 |     5 |     4 |    10 |       ||    26
 Stab: Sleeping          |     2 |       |     1 |    14 |    20 |    11 |     4 ||    52
       Held in net/web   |       |     1 |       |       |       |       |       ||     1
       Distracted        |       |       |     1 |       |     4 |     3 |       ||     8
       Paralysed         |       |       |       |       |       |     5 |     2 ||     7
  Eat: Chunk             |       |     6 |    20 |    25 |    37 |    19 |     2 ||   109
       Ration            |       |     1 |       |     3 |       |     3 |     2 ||     9
Armor: Leather armour    |    25 |    24 |    44 |    68 |    16 |       |       ||   177
       Skin              |       |    20 |     2 |     2 |       |       |       ||    24
       Ring mail         |       |       |       |    99 |   237 |   184 |    49 ||   569
Dodge: Dodged            |    74 |    91 |   166 |   433 |   542 |   369 |   157 ||  1832
Block: Buckler           |       |       |       |   232 |   295 |   219 |    91 ||   837
